 Dungeon Crawl Stone Soup version 0.23-a0-41-g8b50da7 (webtiles) character file.

28669 GroovyGamera the Grappler (level 13, 0/133 HPs)
             Began as a Troll Monk on Aug 5, 2018.
             Was the Champion of Makhleb.
             Slain by a komodo dragon simulacrum (15 damage)
             ... on level 3 of the Lair of Beasts.
             The game lasted 01:00:02 (14305 turns).

GroovyGamera the Grappler (Troll Monk)             Turns: 14305, Time: 01:00:03

Health: 0/133      AC: 12    Str: 22    XL:     13   Next: 11%
Magic:  19/19      EV: 16    Int:  7    God:    Makhleb [******]
Gold:   1009       SH:  2    Dex: 20    Spells: 12/12 levels left

rFire    . . .     SeeInvis .   Q - +4 battleaxe (flame)
rCold    . . .     Gourm    +   (shield currently unavailable)
rNeg     . . .     Faith    .   d - +1 troll leather armour
rPois    .         Spirit   .   U - +2 hat
rElec    .         Reflect  +   f - +1 cloak
rCorr    +         Harm     .   (gloves unavailable)
MR       .....                  (boots unavailable)
Stlth    ++........             I - +2 amulet of reflection
HPRegen  1.12/turn              S - ring of resist corrosion
MPRegen  0.16/turn              D - +5 ring of dexterity

@: drained
A: large, unfitting armour, claws 3, fast metabolism 3, gourmand, regeneration
1, shaggy fur 1, tough skin 2
a: Minor Destruction, Lesser Servant of Makhleb, Major Destruction, Greater
Servant of Makhleb, Renounce Religion


You were on level 3 of the Lair of Beasts.
You worshipped Makhleb.
Makhleb was exalted by your worship.
You were completely stuffed.

You visited 2 branches of the dungeon, and saw 16 of its levels.
You also visited: Sewer.

You collected 1009 gold pieces.

Inventory:

Hand Weapons
 a - a +0 arbalest of freezing
 J - a +0 broad axe
 Q - a +4 battleaxe of flaming (weapon)
Missiles
 e - 74 bolts
 o - 5 throwing nets
 A - 7 tomahawks (quivered)
Armour
 d - a +1 troll leather armour (worn)
 f - a +1 cloak (worn)
 B - the +3 hat of Pondering {ponderous, MR+ MP+10 Int+5}
   (You took it off Gastronok on level 1 of the Lair of Beasts)

   It affects your intelligence (+5).
   It affects your resistance to hostile enchantments.
   It affects your magic capacity (+10).
 U - a +2 hat (worn)
 V - a +1 robe of cold resistance
Jewellery
 q - an uncursed ring of resist corrosion
 u - an uncursed ring of fire
 z - an uncursed ring of wizardry
 D - a +5 ring of dexterity (right claw)
 E - an uncursed ring of ice
 I - a +2 amulet of reflection (around neck)
 O - an uncursed amulet of rage
 S - a ring of resist corrosion (left claw)
 T - a +4 ring of intelligence {unknown}
Wands
 i - a wand of acid (17)
 G - a wand of paralysis (32)
 L - a wand of scattershot (5)
 N - a wand of iceblast (6)
Scrolls
 g - a scroll of blinking
 h - a scroll of fear
 n - 2 scrolls of amnesia
 p - 6 scrolls of teleportation
 t - 3 scrolls of remove curse
 v - a scroll of noise {unknown}
 x - 4 scrolls of magic mapping
 y - 2 scrolls of fog
 K - a scroll of immolation
 M - 2 scrolls of identify
 W - a scroll of holy word {unknown}
Potions
 c - 5 potions of brilliance
 j - 4 potions of mutation
 l - 4 potions of ambrosia
 m - 8 potions of curing
 r - 2 potions of flight {unknown}
 s - a potion of lignification {unknown}
 w - 7 potions of magic
 F - a potion of might
 H - a potion of haste {unknown}
 P - 2 potions of agility {unknown}
 R - a potion of cancellation {unknown}
Comestibles
 b - 39 rations
 k - 9 chunks of flesh


   Skills:
 + Level 10.0(9.3) Fighting
 + Level 10.0(9.3) Dodging
 - Level 1.0(0.5) Stealth
 + Level 11.6(10.9) Unarmed Combat
 + Level 10.1(9.4) Invocations


You had 12 spell levels left.
You didn't know any spells.
Your spell library contained the following spells:

 Spells                   Type           Power        Failure   Level  Hunger
 Magic Dart               Conj           #...         47%         1    ##.....
 Conjure Flame            Conj/Fire      #.......     85%         3    ####...
 Bolt of Cold             Conj/Ice       #.........   100%        6    #######
 Lightning Bolt           Conj/Air       #.........   100%        5    ######.
 Freezing Cloud           Conj/Ice/Air   #.........   100%        6    #######
 Mephitic Cloud           Conj/Pois/Air  #.......     85%         3    ####...
 Ring of Flames           Chrm/Fire      #.........   100%        7    #######
 Iskenderun's Mystic Bla  Conj           #.......     99%         4    #####..
 Ozocubu's Refrigeration  Ice            #.........   100%        6    #######
 Spider Form              Tmut/Pois      #.........   85%         3    ####...
 Blade Hands              Tmut           #.........   100%        5    ######.
 Ice Form                 Ice/Tmut       #.......     99%         4    #####..
 Sticks to Snakes         Tmut           #.......     63%         2    ###....
 Metabolic Englaciation   Hex/Ice        #.........   100%        5    ######.
 Shatter                  Erth           #.........   100%        9    #######
 Static Discharge         Conj/Air       #.......     85%         3    ####...
 Simulacrum               Ice/Necr       #.........   100%        6    #######
 Tornado                  Air            #.........   100%        9    #######
 Beastly Appendage        Tmut           #.....       47%         1    ##.....
 Fulminant Prism          Conj/Hex       #.........   99%         4    #####..
 Dazzling Spray           Conj/Hex       #.....       85%         3    ####...
 Force Lance              Conj/Tloc      #.......     99%         4    #####..
 Searing Ray              Conj           #.....       63%         2    ###....
 Poisonous Vapours        Pois/Air       #.....       63%         2    ###....
 Ignition                 Fire           #.........   100%        8    #######


Dungeon Overview and Level Annotations

Branches:
Dungeon (12/15)            Temple (0/1) D:6            Lair (4/6) D:10
  Snake (0/4) Lair:2          Orc (0/2) D:12
  Swamp: Lair:2-4    Shoals: Lair:2-4

Altars:
Ashenzari
Cheibriados
Dithmenos
Gozag
Kikubaaqudgha
Makhleb
Nemelex Xobeh
Qazlal
Sif Muna
Trog
Uskayaw
Wu Jian
Xom
Zin
The Shining One

Shops:
D:9 *

Annotations:
Lair:2 exclusion: 4 oklob plants
Lair:3 jusw85's ghost, journeyman DECj


Innate Abilities, Weirdness & Mutations

You are too large for most types of armour.
You have claws for hands.
Your metabolism is lightning-fast.
You like to eat raw meat.
Your natural rate of healing is unusually fast.
You are covered in fur. (AC +1)
You have very tough skin. (AC +2)


Message History

The spectral eight-headed hydra bites you but does no damage. x3
The spectral eight-headed hydra misses you.
The spectral eight-headed hydra bites you.
* * * LOW HITPOINT WARNING * * *
The spectral eight-headed hydra misses you.
The spectral komodo dragon bites you but does no damage.
You can't go up here!
Jusw85's ghost closely misses you.
The spectral eight-headed hydra bites you.
* * * LOW HITPOINT WARNING * * *
The spectral eight-headed hydra bites you but does no damage.
The spectral eight-headed hydra closely misses you.
The spectral eight-headed hydra bites you but does no damage. x2
The spectral eight-headed hydra misses you.
The spectral eight-headed hydra bites you but does no damage.
The spectral eight-headed hydra closely misses you.
The komodo dragon simulacrum bites you!
* * * LOW HITPOINT WARNING * * *
The komodo dragon simulacrum freezes you!
You die...

.......## #.#.....##........
...##### ###.'...=####.##..##
...# #...'...!.# ###.## .###
#####..'...(## #.#..# .#
#......#Z....# #....# #######
#....?.#.#.#.#####...## .....P#
#.....Z#### ###........ ....).###
#....ZWZ..###..........
.....'..###.....@................
.....#...#.....Z....#..##........
.)...#..............'..##........
#.+#.##.#.#.#.#.....P###.........
#..###...............# ##........
....###.......#..P...# ###.###.#
.P.#.#...>......###### #####.#
......#.......#..# ##...#
................P# ####.+.#.


You could see a spectral komodo dragon, a spectral eight-headed hydra, jusw85's
ghost, a komodo dragon simulacrum and a death yak simulacrum.

Vanquished Creatures
  Gastronok (Lair:1)
  Fannar (Lair:1)
  5 hydras
  Erica (D:8)
  2 two-headed ogres (D:12)
  Pikel (D:5)
  Psyche (D:9)
  2 black mambas (Lair:2)
  7 spiny frogs
  A gargoyle (D:10)
  2 rime drakes
  3 komodo dragons
  A troll (D:9)
  4 hippogriffs
  4 wyverns
  17 yaks
  A human (D:8)
  4 hogs (D:8)
  2 hungry ghosts
  An acid dragon (D:11)
  A naga (Lair:2)
  7 water moccasins
  Duvessa (D:6)
  A black bear (D:8)
  8 orc warriors
  4 ice beasts
  A slave (D:5)
  15 porcupines
  3 sky beasts
  3 phantoms
  A necrophage (D:6)
  7 ogres
  A black mamba simulacrum (Lair:3)
  3 centaurs
  7 crocodiles
  2 big kobolds
  Blork the orc (D:4)
  13 bullfrogs
  A spiny frog simulacrum (Lair:3)
  5 scorpions
  Dowan (D:6)
  A dream sheep simulacrum (Lair:3)
  6 killer bees
  4 wights (D:8)
  3 howler monkeys
  3 vampire bats (Lair:1)
  6 crimson imps
  A bullfrog zombie (D:10)
  7 centaur zombies
  A quasit (D:9)
  3 hounds
  6 orc priests
  2 jellies
  9 orc wizards
  2 bullfrog skeletons
  3 iguanas
  Natasha (thrice) (D:4)
  6 worker ants
  A hound zombie (D:5)
  3 worker ant zombies
  4 gnolls (D:5)
  21 adders
  8 river rats (Sewer)
  A shadow imp (D:12)
  An adder zombie (D:8)
  4 adder skeletons
  4 worms
  8 dart slugs
  7 leopard geckos
  25 orcs
  9 ball pythons
  5 giant cockroaches
  7 hobgoblins
  11 jackals
  6 quokkas
  9 bats
  10 frilled lizards
  4 goblins
  3 jackal skeletons
  15 kobolds
  A quokka skeleton (D:5)
  28 rats
  7 fungi
  11 plants
426 creatures vanquished.

Vanquished Creatures (collateral kills)
  Harold (Lair:1)
  4 yaks (Lair:1)
  2 bats (Lair:1)
7 creatures vanquished.

Vanquished Creatures (others)
  6 fungi (D:10)
  2 plants
8 creatures vanquished.

Grand Total: 441 creatures vanquished

Notes
Turn   | Place    | Note
-------+----------+-------------------------------------------
     0 | D:1      | GroovyGamera the Troll Monk began the quest for the Orb.
     0 | D:1      | Reached XP level 1. HP: 22/22 MP: 0/0
   139 | D:1      | Reached XP level 2. HP: 29/29 MP: 1/1
   581 | D:2      | Reached XP level 3. HP: 36/36 MP: 2/2
   630 | D:2      | Noticed a sky beast
   646 | D:2      | Killed a sky beast
   646 | D:2      | Reached skill level 4 in Unarmed Combat
   646 | D:2      | Reached XP level 4. HP: 27/45 MP: 3/3
   704 | D:2      | Noticed an ice beast
   732 | D:2      | Killed an ice beast
   732 | D:2      | Reached XP level 5. HP: 51/53 MP: 4/4
   775 | D:2      | Found a burning altar of Makhleb.
   775 | D:2      | Found a shimmering altar of Xom.
   785 | D:2      | Became a worshipper of Makhleb the Destroyer
   785 | D:2      | Reached * piety under Makhleb
   785 | D:2      | Reached ** piety under Makhleb
   970 | D:2      | Found an opulent altar of Gozag.
  1570 | D:3      | Found an ornate altar of the Wu Jian Council.
  1599 | D:3      | Reached XP level 6. HP: 62/62 MP: 5/5
  1658 | D:3      | Reached skill level 1 in Invocations
  1744 | D:3      | Found a shadowy altar of Dithmenos.
  2112 | D:4      | Found a glowing drain.
  2140 | Sewer    | Entered a sewer
  2215 | Sewer    | Reached *** piety under Makhleb
  2336 | Sewer    | Reached skill level 5 in Unarmed Combat
  2440 | Sewer    | Reached XP level 7. HP: 61/70 MP: 7/7
  2777 | Sewer    | Reached **** piety under Makhleb
  2926 | D:4      | Noticed Blork the orc
  2938 | D:4      | Killed Blork the orc
  2969 | D:4      | Noticed Natasha
  2982 | D:4      | Killed Natasha
  3030 | D:4      | Noticed Natasha
  3037 | D:4      | Killed Natasha
  3329 | D:4      | Found a deep blue altar of Sif Muna.
  3369 | D:4      | Reached XP level 8. HP: 79/79 MP: 9/9
  3390 | D:4      | Found a snail-covered altar of Cheibriados.
  3412 | D:4      | Noticed Natasha
  3432 | D:4      | Killed Natasha
  3832 | D:5      | Entered Level 5 of the Dungeon
  3865 | D:4      | Reached skill level 5 in Fighting
  3865 | D:4      | Reached skill level 5 in Dodging
  3865 | D:4      | Reached skill level 6 in Unarmed Combat
  4007 | D:5      | Found a glowing golden altar of the Shining One.
  4274 | D:5      | Reached ***** piety under Makhleb
  4424 | D:5      | Found a glowing silver altar of Zin.
  4487 | D:5      | Found a sparkling altar of Nemelex Xobeh.
  4567 | D:5      | Found a deep blue altar of Sif Muna.
  4787 | D:5      | Noticed Pikel
  4881 | D:5      | Killed Pikel
  4881 | D:5      | Reached skill level 7 in Unarmed Combat
  4881 | D:5      | Reached XP level 9. HP: 89/89 MP: 11/11
  5097 | D:6      | Reached skill level 5 in Invocations
  5168 | D:6      | Noticed Dowan
  5772 | D:6      | Found a staircase to the Ecumenical Temple.
  5844 | D:6      | Noticed Duvessa
  5941 | D:6      | Killed Dowan
  5952 | D:6      | Killed Duvessa
  6072 | D:7      | Reached skill level 8 in Unarmed Combat
  6416 | D:7      | Reached XP level 10. HP: 100/100 MP: 13/13
  6844 | D:7      | Found an ancient bone altar of Kikubaaqudgha.
  6970 | D:8      | Found a shattered altar of Ashenzari.
  7097 | D:8      | Noticed Erica
  7122 | D:8      | Killed Erica
  8181 | D:9      | Noticed Psyche
  8213 | D:9      | Found Dyshroptu's Changing Room.
  8505 | D:9      | Killed Psyche
  8505 | D:9      | Reached skill level 9 in Unarmed Combat
  8563 | D:9      | Found a bloodstained altar of Trog.
  8844 | D:10     | Entered Level 10 of the Dungeon
  8883 | D:10     | Noticed a gargoyle
  9065 | D:10     | Reached XP level 11. HP: 107/110 MP: 15/15
  9069 | D:10     | Found a staircase to the Lair.
  9194 | D:10     | Found a hide-covered altar of Uskayaw.
  9724 | D:11     | Noticed a six-headed hydra
  9782 | D:11     | HP: 1/111 [four-headed hydra (8)]
  9783 | D:11     | Killed a three-headed hydra
  9914 | D:11     | Reached ****** piety under Makhleb
 10693 | D:12     | Noticed a two-headed ogre
 10713 | D:12     | Reached skill level 10 in Unarmed Combat
 10726 | D:12     | Killed a two-headed ogre
 10797 | D:12     | Noticed a two-headed ogre
 10808 | D:12     | Killed a two-headed ogre
 10825 | D:12     | Found a stormy altar of Qazlal.
 11008 | D:12     | Found a staircase to the Orcish Mines.
 11191 | Lair:1   | Entered Level 1 of the Lair of Beasts
 11191 | Lair:1   | Noticed Harold
 11195 | Lair:1   | Noticed Fannar
 11251 | Lair:2   | Reached XP level 12. HP: 66/122 MP: 17/17
 11318 | Lair:2   | Found a staircase to the Snake Pit.
 11420 | Lair:2   | Noticed a seven-headed hydra
 11437 | Lair:2   | Killed a one-headed hydra
 12582 | Lair:1   | Noticed Gastronok
 12602 | Lair:1   | Killed Gastronok
 12602 | Lair:1   | Reached skill level 11 in Unarmed Combat
 13111 | Lair:1   | Noticed an eight-headed hydra
 13142 | Lair:1   | Killed a three-headed hydra
 13277 | Lair:1   | Killed Harold
 13363 | Lair:1   | Killed Fannar
 13696 | Lair:3   | Noticed a four-headed hydra
 13716 | Lair:3   | Killed a one-headed hydra
 13910 | Lair:3   | Reached XP level 13. HP: 124/133 MP: 19/19
 13928 | Lair:3   | Reached skill level 10 in Invocations
 14098 | Lair:3   | Reached skill level 10 in Fighting
 14098 | Lair:3   | Reached skill level 10 in Dodging
 14187 | Lair:3   | Found a runed gate.
 14187 | Lair:3   | Found a runed gate.
 14188 | Lair:3   | Found a runed gate.
 14191 | Lair:3   | Noticed jusw85's ghost (journeyman DECj)
 14305 | Lair:3   | Slain by a komodo dragon simulacrum

Vault maps used:
D:1:      ncdulo_watergridlock
D:2:      grunt_temple_overflow_open, nicolae_gozag_seed_capital
D:3:      lemuel_doored_altar, nicolae_dithmenos_shadow_blocks
D:4:      minmay_wonky_spiral, kennysheep_mini_moat,
          lemuel_coloured_pillars_altar, cheibrodos_sewer_entry_drain,
          abandoned_shop, uniq_blork_the_orc, uniq_natasha
D:5:      kennysheep_slugbush, tso_oasis_becter, zin_statuary,
          lemuel_crystal_altar, first_ration, basic_altar, uniq_pikel
D:6:      kennysheep_windowed_halls, minmay_temple_entry_statues_fountains,
          uniq_duvessa
D:7:      nicolae_overflow_hidden_temple
D:8:      ashenzari_altar_1, st_stairs_10, grunt_livestock, uniq_erica
D:9:      lemuel_crystal_altar, nicolae_transmutations_shop, uniq_psyche
D:10:     due_lair_maze_entry_diamond, basic_altar
D:11:     hex_large, kennysheep_generic_room_11
D:12:     david_orc_4, basic_altar
Lair:1:   roderic_batcave, uniq_gastronok, uniq_fannar, uniq_harold
Lair:2:   guppyfry_snake_entry_garden, minmay_lair_oklob_chamber
Lair:3:   gammafunk_ghost_necromancy, st_stairs_4
Lair:4:   nicolae_swamp_entry_splash_gauntlet, serial_bayou_shore_b
Sewer:    sewer_minmay_w

Skill      XL: |  1  2  3  4  5  6  7  8  9 10 11 12 13 |
---------------+----------------------------------------+-----
Fighting       | 3 4 5 6 7 8 9 10 | 10.0
Dodging        | 3 4 5 6 7 8 9 10 | 10.0
Unarmed Combat | 4 5 7 8 9 10 11 | 11.6
Invocations    | 1 3 4 5 7 8 9 10 | 10.1
Stealth        | |  1.0

Action                   |  1- 3 |  4- 6 |  7- 9 | 10-12 | 13-15 || total
-------------------------+-------+-------+-------+-------+-------++-------
Melee: Unarmed           |    82 |   180 |   415 |   658 |    19 ||  1354
       Punch             |       |     2 |    14 |    54 |       ||    70
       Scimitar          |       |       |       |     7 |       ||     7
       Battleaxe         |       |       |       |    25 |    22 ||    47
 Fire: Arbalest          |       |       |       |     2 |       ||     2
Throw: Tomahawk          |       |       |    23 |       |       ||    23
Invok: Major Destruction |       |       |       |     1 |       ||     1
       Lesser Servant of |       |       |       |     4 |       ||     4
  Use: Scroll            |       |     5 |    11 |     9 |     3 ||    28
       Potion            |       |     1 |     6 |     7 |       ||    14
 Stab: Sleeping          |     1 |     4 |     5 |     6 |     1 ||    17
       Invisible         |       |     4 |     2 |     2 |       ||     8
  Eat: Chunk             |    11 |    17 |    41 |    80 |     3 ||   152
Armor: Robe              |    35 |    47 |   120 |    24 |       ||   226
       Troll leather arm |       |       |       |   143 |    37 ||   180
Dodge: Dodged            |    43 |   125 |   330 |   416 |    74 ||   988
Block: Other             |       |       |       |    31 |     5 ||    36
       Reflection        |       |       |       |     1 |       ||     1
       Rpst.: Scimitar   |       |       |       |     2 |       ||     2

Table legend:
 A = Spawn XP
 B = Non-spawn XP
 C = Spawn XP percentage of total XP
 D = Spawn monster count
 E = Non-spawn monster count
 F = Spawn count percentage of total count
 G = Total turns spent on level
                    A         B        C        D         E        F      G
               +---------+---------+-------+---------+---------+-------+---------
         Total |       0 |   40956 |   0.0 |       0 |     414 |   0.0 | 14305
               +---------+---------+-------+---------+---------+-------+---------
           D:1 |       0 |      37 |   0.0 |       0 |      21 |   0.0 |   561
           D:2 |       0 |     320 |   0.0 |       0 |      30 |   0.0 |   931
           D:3 |       0 |     178 |   0.0 |       0 |      18 |   0.0 |   613
           D:4 |       0 |     914 |   0.0 |       0 |      28 |   0.0 |  1288
           D:5 |       0 |    1412 |   0.0 |       0 |      36 |   0.0 |   932
           D:6 |       0 |    2028 |   0.0 |       0 |      32 |   0.0 |   985
           D:7 |       0 |     217 |   0.0 |       0 |      10 |   0.0 |   922
           D:8 |       0 |    3084 |   0.0 |       0 |      25 |   0.0 |  1269
           D:9 |       0 |    1225 |   0.0 |       0 |       7 |   0.0 |   656
          D:10 |       0 |    2328 |   0.0 |       0 |      24 |   0.0 |   826
          D:11 |       0 |    3362 |   0.0 |       0 |      30 |   0.0 |   872
          D:12 |       0 |    5564 |   0.0 |       0 |      32 |   0.0 |   626
        Lair:1 |       0 |    7549 |   0.0 |       0 |      28 |   0.0 |  1247
        Lair:2 |       0 |    5478 |   0.0 |       0 |      22 |   0.0 |  1221
        Lair:3 |       0 |    6701 |   0.0 |       0 |      22 |   0.0 |   560
        Lair:4 |       0 |     111 |   0.0 |       0 |       1 |   0.0 |    86
         Sewer |       0 |     448 |   0.0 |       0 |      48 |   0.0 |   710
               +---------+---------+-------+---------+---------+-------+---------
